 Dungeon Crawl Stone Soup version 0.21-a0-621-gc60411f (webtiles) character file.

154 slep the Slasher (level 5, -1/36 HPs)
             Began as an Octopode Gladiator on Dec 24, 2017.
             Slain by an adder (5 damage)
             ... on level 3 of the Dungeon.
             The game lasted 00:06:03 (1714 turns).

slep the Slasher (Octopode Gladiator)               Turns: 1714, Time: 00:06:04

Health: -1/36      AC:  1    Str: 13    XL:     5   Next: 35%
Magic:  5/5        EV: 15    Int: 10    God:
Gold:   169        SH:  0    Dex: 15    Spells: 4/4 levels left

rFire    . . .     SeeInvis .   a - +0 long sword
rCold    . . .     Gourm    .   (no shield)
rNeg     . . .     Faith    .   b - +0 hat
rPois    .         Spirit   .   (no amulet)
rElec    .         Reflect  .   l - ring of resist corrosion
rCorr    +         Harm     .   (no ring)
MR       .....                  (no ring)
Stlth    +++.......             (no ring)
HPRegen  0.12/turn              (no ring)
MPRegen  0.09/turn              (no ring)
                                (no ring)
                                (no ring)

@: no status effects
A: almost no armour, stealthy swim, amphibious, 8 rings, constrict 8, camouflage
1, gelatinous body 1
a: no special abilities


You were on level 3 of the Dungeon.
You were not hungry.

You visited 1 branch of the dungeon, and saw 3 of its levels.

You collected 169 gold pieces.

Inventory:

Hand Weapons
 a - a +0 long sword (weapon)
 q - a +0 blowgun
Missiles
 c - 3 throwing nets (quivered)
 m - 11 sling bullets
 p - 6 javelins
Armour
 b - a +0 hat (worn)
Jewellery
 l - a ring of resist corrosion (left tentacle)
Scrolls
 h - a scroll of enchant weapon {unknown}
 i - a scroll of noise {unknown}
 j - 2 scrolls of identify {unknown}
 k - 4 scrolls of teleportation {unknown}
 n - a scroll of immolation {unknown}
Potions
 e - a potion of flight {unknown}
 f - 2 potions of heal wounds {unknown}
 g - a potion of might {unknown}
Comestibles
 d - 3 rations
 o - 6 chunks of flesh


   Skills:
 + Level 3.1 Fighting
 + Level 4.4 Long Blades
 + Level 2.0 Throwing
 + Level 3.4 Dodging
 + Level 3.1 Stealth


You had 4 spell levels left.
You didn't know any spells.

Dungeon Overview and Level Annotations

Branches:
Dungeon (3/15)

Altars:
Dithmenos


Innate Abilities, Weirdness & Mutations

You cannot wear most types of armour.
You are very stealthy in the water. (Stealth+)
You are amphibious.
You can wear up to eight rings at the same time.
You can use your tentacles to constrict eight enemies at once.
Your skin changes colour to match your surroundings (Stealth+).
Your rubbery body absorbs attacks. (AC +1, EV +1)


Message History

A goblin comes into view.
You see here a pair of gloves.
The goblin shouts!
The goblin misses you.
You riposte.
You hit the goblin.
You kill the goblin!
You see here a goblin corpse.
An adder comes into view.
The adder hisses angrily.
You miss the adder. Your grab misses the adder. The adder bites you.
* * * LOW HITPOINT WARNING * * *
The adder bites you.
* * * LOW HITPOINT WARNING * * *
You barely miss the adder. Your grab misses the adder.
Your squeeze misses the adder. The adder closely misses you.
You hit the adder. Your grab misses the adder.
The adder is moderately wounded.
The adder bites you.
* * * LOW HITPOINT WARNING * * *
The adder bites you.
You die...

##############
#.....#......#
#.....#......#
#............#
###.....#......#
+.....###......######
####..# #......†.....
#####..###......##....
#....@.##........+....
#.###S###.......##....
... #.#.........†.
...................
#.#.......###.......
#.#.###.########....
#.#.###.....)<).###. .
..........))(.....
.........#.#.##


You could see an adder.

Vanquished Creatures
  An orc wizard (D:3)
  Terence (D:2)
  3 adders
  3 dart slugs
  2 leopard geckos
  8 orcs
  6 bats
  5 giant cockroaches
  4 goblins
  5 hobgoblins
  4 jackals (D:1)
  4 frilled lizards
  5 kobolds
  7 rats
58 creatures vanquished.

Notes
Turn   | Place    | Note
-------+----------+-------------------------------------------
     0 | D:1      | slep the Octopode Gladiator began the quest for the Orb.
     0 | D:1      | Reached XP level 1. HP: 14/14 MP: 1/1
    72 | D:1      | Noticed an ogre
    72 | D:1      | Noticed an ogre
    72 | D:1      | Noticed an ogre
    72 | D:1      | Noticed an ogre
    74 | D:1      | Reached XP level 2. HP: 20/20 MP: 2/2
   567 | D:1      | Reached XP level 3. HP: 22/25 MP: 3/3
   950 | D:2      | Reached skill level 1 in Stealth
  1000 | D:2      | Found a shadowy altar of Dithmenos.
  1002 | D:2      | Noticed Terence
  1007 | D:2      | Killed Terence
  1007 | D:2      | Reached XP level 4. HP: 12/30 MP: 4/4
  1481 | D:2      | Reached skill level 4 in Long Blades
  1660 | D:3      | Reached XP level 5. HP: 28/36 MP: 5/5
  1714 | D:3      | Slain by an adder

Vault maps used:
D:1:      erik_arrival_cave_to_civilisation
D:2:      first_ration, nrook_uturn, grunt_dithmenos_smoke_and_mirrors,
          uniq_terence
D:3:      old_standard_altar, lemuel_doored_altar, uniq_sigmund

Skill      XL: |  1  2  3  4  5 |
---------------+----------------+-----
Stealth        | 2 3 |  3.1
Long Blades    | 4 |  4.4
Fighting       | 3 |  3.1
Throwing       | |  2.0
Dodging        | |  3.4

Action                   |  1- 3 |  4- 6 || total
-------------------------+-------+-------++-------
Melee: Long sword        |    48 |    41 ||    89
       Constrict         |    18 |    18 ||    36
       Tentacles         |    11 |     8 ||    19
  Use: Potion            |     1 |       ||     1
 Stab: Sleeping          |     9 |     4 ||    13
  Eat: Chunk             |       |     3 ||     3
Armor: Skin              |     3 |     3 ||     6
Dodge: Dodged            |    35 |    35 ||    70
       Rpst.: Long sword |    18 |    10 ||    28

Table legend:
 A = Spawn XP
 B = Non-spawn XP
 C = Spawn XP percentage of total XP
 D = Spawn monster count
 E = Non-spawn monster count
 F = Spawn count percentage of total count
 G = Total turns spent on level
                    A         B        C        D         E        F      G
               +---------+---------+-------+---------+---------+-------+---------
         Total |       0 |     220 |   0.0 |       0 |      58 |   0.0 |  1714
               +---------+---------+-------+---------+---------+-------+---------
           D:1 |       0 |      34 |   0.0 |       0 |      20 |   0.0 |   948
           D:2 |       0 |     112 |   0.0 |       0 |      28 |   0.0 |   705
           D:3 |       0 |      74 |   0.0 |       0 |      10 |   0.0 |    61
               +---------+---------+-------+---------+---------+-------+---------
